 Dungeon Crawl Stone Soup version 0.31.0-9-g3a7656b989 (webtiles) character file.

Game seed: 6210732058528490230

2739 qw the Skirmisher (level 9, -6/74 HPs)
             Began as a Demigod Hunter on Feb 2, 2024.
             Mangled by a merfolk
             ... wielding a +0 trident
              (8 damage)
             ... on level 7 of the Dungeon.
             The game lasted 00:00:28 (5197 turns).

qw the Skirmisher (Demigod Hunter)                  Turns: 5197, Time: 00:00:28

Health: -6/74      AC:  6    Str: 12    XL:     9   Next: 18%
Magic:  11/11      EV: 15    Int: 11    God:
Gold:   845        SH:  5    Dex: 29    Spells: 8/8 levels left

rFire   . . .        p - +0 orcbow
rCold   . . .        (shield currently unavailable)
rNeg    . . .        f - +0 ring mail
rPois   .            b - +0 helmet
rElec   .            (no cloak)
rCorr   .            (no gloves)
SInv    .            (no boots)
Will    ++...        l - amulet of reflection
Stlth   ++           e - ring of willpower
HPRegen 0.32/turn    a - ring of willpower
MPRegen 0.12/turn

%: reflection
@: engulfed (cannot breathe)
A: high MP 1, forlorn, divine attributes
a: no special abilities


You were on level 7 of the Dungeon.
You visited 1 branch of the dungeon, and saw 7 of its levels.

You collected 845 gold pieces.


Innate Abilities, Weirdness & Mutations

You have an increased reservoir of magic. (+10% MP)
You shall have no god before yourself.
Your divine heritage dramatically boosts your attributes as you level up.


   Skills:
 - Level 5.1 Fighting
 + Level 9.9 Ranged Weapons
 - Level 2.5 Armour
 - Level 5.1 Dodging
 - Level 0.8 Stealth


You had 8 spell levels left.
You didn't know any spells.
Your spell library was empty.

Inventory:

Hand Weapons
 p - a +0 orcbow (weapon)
Armour
 b - a +0 helmet (worn)
 f - a +0 ring mail (worn)
Jewellery
 a - a ring of willpower (right hand)
 e - a ring of willpower (left hand)
 g - a ring of ice
 h - a +6 ring of strength
 l - an amulet of reflection (around neck)
Wands
 o - a wand of charming (24)
Potions
 c - a potion of curing
 d - a potion of cancellation
 i - a potion of heal wounds
 j - a potion of resistance
 m - a potion of enlightenment {unknown}
 r - a potion of magic {unknown}

Dungeon Overview and Level Annotations

Branches:
Dungeon (7/15)             Temple (0/1) D:5


Message History

Enter note:
There is a stone staircase leading up here.
A merfolk comes into view. It is wielding a +0 trident.
You shoot an arrow. The merfolk shouts!
The arrow hits the merfolk!
The merfolk is lightly wounded.
You shoot an arrow. The arrow hits the merfolk!
The merfolk is moderately wounded.
A water elemental comes into view.
You shoot an arrow. The arrow misses the merfolk.
A water elemental comes into view.
Enter note:
Enter note:
Enter note:
Enter note:
5191 ||| RETREEEEATING.
The merfolk attacks as it pursues you! You block the merfolk's attack.
You shoot an arrow. The arrow hits the merfolk!
The merfolk is heavily wounded.
The merfolk completely misses you.
You shoot an arrow. The arrow hits the merfolk.
The merfolk is severely wounded.
The merfolk hits you from afar with a +0 trident!
You shoot an arrow. The arrow closely misses the merfolk.
The merfolk hits you from afar with a +0 trident!
You shoot an arrow. The arrow closely misses the merfolk.
The merfolk misses you.
You shoot an arrow.
The arrow barely misses the water elemental.
The water elemental completely misses you.
The merfolk hits you from afar with a +0 trident!
The water elemental hits you.
You shoot an arrow. The arrow hits the water elemental!
The water elemental is moderately damaged.
The merfolk hits you from afar with a +0 trident!
The water elemental hits you!
The water elemental engulfs you in water!
The merfolk hits you from afar with a +0 trident!
You die...

.............#####..#
.........<.#........#
...........###......#
........##..........
............##...#####
#..#.................###.
##............######.....
...##....####............
).####........##@........
................E......#
#..####..........m##.?#..
....#.(.........#..~.~.~.
......#............~~~~~~
.............###.#..~~
#######...........#.~~ #
#........##.#...~~~ ##
#.##%.#####.# ~~~~E


You could see a merfolk and a water elemental.

Vanquished Creatures
  Grinder (D:6)
  Prince Ribbit (D:6)
  A water elemental (D:7)
  Duvessa (D:6)
  2 water moccasins
  3 ogres
  2 ice beasts
  A sky beast (D:7)
  3 centaurs
  2 phantoms
  2 bullfrogs (D:6)
  3 scorpions
  Dowan (D:6)
  A jelly (D:5)
  3 hounds (D:6)
  A gnoll bouda (D:7)
  3 orc priests
  An iguana (D:4)
  5 orc wizards
  Robin (D:2)
  7 gnolls
  3 adders
  A white imp (D:6)
  2 ufetubi (D:5)
  A dart slug (D:3)
  3 ribbon worms
  20 orcs
  3 bats (D:1)
  9 endoplasms
  3 giant cockroaches (D:1)
  15 goblins
  7 hobgoblins
  6 jackals (D:4)
  4 kobolds
  3 quokkas
  2 ball pythons
  4 frilled lizards
  2 rats
133 creatures vanquished.

Notes
Turn   | Place    | Note
-------+----------+-------------------------------------------
     0 | D:1      | qw the Demigod Hunter began the quest for the Orb.
     0 | D:1      | Reached XP level 1. HP: 17/17 MP: 3/3
     0 | D:1      | 0 ||| qw: Version: 0.3-a-155-g5e7d8dd
     0 | D:1      | 0 ||| qw: Game counter: 323
     0 | D:1      | 0 ||| qw: Melee chars always use a shield: true
     0 | D:1      | 0 ||| qw: God list: Okawaru
     0 | D:1      | 0 ||| qw: Allow faded altars: false
     0 | D:1      | 0 ||| qw: Do Orc after clearing Dungeon:15 true
     0 | D:1      | 0 ||| qw: Do second Lair branch before Depths: true
     0 | D:1      | 0 ||| qw: Lair rune preference: random
     0 | D:1      | 0 ||| qw: Goals: Normal
     0 | D:1      | 0 ||| PLANNING D:1-11
    57 | D:1      | Reached skill level 4 in Ranged Weapons
   144 | D:1      | Reached XP level 2. HP: 24/24 MP: 4/4
   549 | D:1      | 549 ||| UPGRADING to amulet of regeneration.
   554 | D:1      | 554 ||| READING 3 scrolls labelled ISAESCH ONIAXT.
   554 | D:1      | 554 ||| IDENTIFYING silvery potion
   555 | D:1      | 555 ||| READING 2 scrolls of identify.
   555 | D:1      | 555 ||| IDENTIFYING 2 metallic silvery potions
   556 | D:1      | 556 ||| READING scroll of identify.
   556 | D:1      | 556 ||| IDENTIFYING scroll labelled ULACZU OGIHIF
   557 | D:1      | 557 ||| READING 4 scrolls labelled DOBEPA PACAORY.
   558 | D:1      | 558 ||| READING scroll labelled SOXTEST ZUEN.
   559 | D:1      | 559 ||| READING 2 scrolls labelled YQEGYUFYTO.
   563 | D:1      | 563 ||| DROPPING scroll of butterflies.
   564 | D:1      | 564 ||| DROPPING 2 potions of lignification.
   565 | D:1      | 565 ||| DROPPING 3 scrolls of immolation.
   566 | D:1      | 566 ||| DROPPING scroll of poison.
   567 | D:1      | 567 ||| DROPPING potion of degeneration.
   576 | D:2      | 576 ||| RETREEEEATING.
   579 | D:2      | 579 ||| RETREEEEATING.
   581 | D:2      | Reached XP level 3. HP: 29/29 MP: 5/5
   824 | D:2      | Noticed Robin
   873 | D:2      | Killed Robin
  1095 | D:2      | 1095 ||| UPGRADING to +0 helmet.
  1100 | D:2      | 1100 ||| READING 2 scrolls labelled NODITILUWA.
  1101 | D:2      | 1101 ||| DROPPING scroll of blinking.
  1174 | D:3      | Reached skill level 5 in Ranged Weapons
  1224 | D:3      | Reached XP level 4. HP: 28/36 MP: 6/6
  1313 | D:3      | Noticed a +0 hand axe
  1313 | D:3      | Noticed a +0 dagger
  1397 | D:3      | 1397 ||| DRINKING 2 orange potions.
  1398 | D:3      | 1398 ||| DRINKING fizzy dark potion.
  1728 | D:3      | Reached skill level 6 in Ranged Weapons
  1728 | D:3      | Reached XP level 5. HP: 30/41 MP: 7/7
  1897 | D:3      | 1897 ||| UPGRADING to +0 ring mail.
  1907 | D:3      | 1907 ||| DROPPING +0 leather armour.
  1908 | D:3      | 1908 ||| DROPPING ring of magical power.
  1909 | D:3      | 1909 ||| READING scroll labelled ZALIYCK PAXU.
  1909 | D:3      | Identified a scroll of acquirement
  1909 | D:3      | 1909 ||| ACQUIRING 487 gold pieces
  1909 | D:3      | Acquired 487 gold pieces
  1911 | D:3      | 1911 ||| DROPPING potion of brilliance.
  2052 | D:4      | You fall into a shaft and drop 1 floor!
  2052 | D:5      | Entered Level 5 of the Dungeon
  2092 | D:5      | Reached skill level 1 in Armour
  2209 | D:4      | Reached XP level 6. HP: 50/50 MP: 8/8
  2570 | D:4      | 2570 ||| UPGRADING to ring of willpower.
  2572 | D:4      | 2572 ||| READING scroll labelled ACSIOTAENU.
  2720 | D:4      | Reached skill level 3 in Fighting
  2942 | D:5      | Found a staircase to the Ecumenical Temple.
  2962 | D:5      | HP: 6/52 [ogre/+0 giant club (23)]
  2963 | D:5      | 2963 ||| READING 2 scrolls of teleportation.
  2968 | D:5      | 2968 ||| READING scroll of teleportation.
  2969 | D:5      | HP: 12/52 [ufetubus (2)]
  3092 | D:5      | Reached skill level 3 in Dodging
  3302 | D:5      | Reached XP level 7. HP: 52/58 MP: 9/9
  3599 | D:5      | Reached skill level 7 in Ranged Weapons
  3641 | D:5      | 3641 ||| SWAPPING to +0 orcbow.
  3642 | D:5      | 3642 ||| DROPPING +0 shortbow.
  3843 | D:5      | 3843 ||| UPGRADING to amulet of reflection.
  3853 | D:5      | 3853 ||| DROPPING amulet of regeneration.
  3854 | D:5      | 3854 ||| READING scroll of identify.
  3854 | D:5      | 3854 ||| IDENTIFYING sedimented red potion
  3855 | D:5      | 3855 ||| READING scroll labelled ZUIGGO HACSU.
  3856 | D:5      | 3856 ||| DRINKING 2 glowing ruby potions.
  3909 | D:6      | Reached skill level 8 in Ranged Weapons
  4013 | D:6      | Noticed Prince Ribbit
  4017 | D:6      | 4017 ||| RETREEEEATING.
  4040 | D:6      | Killed Prince Ribbit
  4041 | D:6      | Reached XP level 8. HP: 19/67 MP: 10/10
  4300 | D:6      | Noticed Dowan
  4305 | D:6      | Reached skill level 9 in Ranged Weapons
  4311 | D:6      | Killed Dowan
  4337 | D:6      | Noticed Duvessa
  4348 | D:6      | HP: 11/67 [Duvessa/+0 short sword (7)]
  4349 | D:6      | 4349 ||| DRINKING potion of heal wounds.
  4351 | D:6      | Killed Duvessa
  4624 | D:6      | Noticed Grinder
  4635 | D:6      | Killed Grinder
  4815 | D:6      | 4815 ||| DROPPING amulet of magic regeneration.
  4816 | D:6      | 4816 ||| UPGRADING to ring of willpower.
  4817 | D:6      | 4817 ||| DROPPING ring of flight.
  4818 | D:6      | 4818 ||| READING 2 scrolls of identify.
  4818 | D:6      | 4818 ||| IDENTIFYING glowing black potion
  4819 | D:6      | 4819 ||| READING scroll of identify.
  4819 | D:6      | 4819 ||| IDENTIFYING fuming emerald potion
  4878 | D:7      | Reached XP level 9. HP: 62/74 MP: 11/11
  4961 | D:7      | 4961 ||| FLEEEEING.
  4962 | D:7      | 4962 ||| FLEEEEING.
  4963 | D:7      | 4963 ||| FLEEEEING.
  4964 | D:7      | 4964 ||| FLEEEEING.
  4965 | D:7      | 4965 ||| FLEEEEING.
  4966 | D:7      | 4966 ||| FLEEEEING.
  4967 | D:7      | 4967 ||| FLEEEEING.
  4968 | D:7      | 4968 ||| FLEEEEING.
  4969 | D:7      | 4969 ||| FLEEEEING.
  4970 | D:7      | 4970 ||| FLEEEEING.
  4971 | D:7      | 4971 ||| FLEEEEING.
  4972 | D:7      | 4972 ||| FLEEEEING.
  4973 | D:7      | 4973 ||| FLEEEEING.
  4974 | D:7      | 4974 ||| FLEEEEING.
  4975 | D:7      | 4975 ||| FLEEEEING.
  4976 | D:7      | 4976 ||| FLEEEEING.
  4977 | D:7      | 4977 ||| FLEEEEING.
  4978 | D:7      | 4978 ||| FLEEEEING.
  4979 | D:7      | 4979 ||| FLEEEEING.
  4980 | D:7      | 4980 ||| STAIRDANCE
  5191 | D:7      | 5191 ||| RETREEEEATING.
  5197 | D:7      | HP: 18/74 [merfolk/+0 trident (17)]
  5197 | D:7      | HP: 2/74 [water elemental (16)]
  5197 | D:7      | Mangled by a merfolk

Levels and vault maps discovered:
D:1:      mainiacjoe_arrival_oval_in_oval, layout_rooms,
          shapermc_ecumenical_altar_mp_vishouse
D:2:      layout_loops_cross, uniq_robin
D:3:      layout_basic, chequers_temple_overflow_minitemple,
          mainiacjoe_overflow_alcove_4, dancing_weapons_uskayaw
D:4:      layout_basic, wad_orctagon
D:5:      layout_loops_corners, temple_pool_b
D:6:      layout_basic, minmay_door_square, grunt_decor_fettered, uniq_grinder,
          uniq_duvessa, uniq_prince_ribbit1
D:7:      layout_rooms, serial_shops, shop, nicolae_rank_and_phial

Skill      XL: |  1  2  3  4  5  6  7  8  9 |
---------------+----------------------------+-----
Ranged Weapons | 4 5 6 8 9 |  9.9
Fighting       | 2 3 4 5 |  5.1
Dodging        | 2 3 4 5 |  5.1
Armour         | 1 2 |  2.5
Stealth        | |  0.8

Action                     |  1- 3 |  4- 6 |  7- 9 || total
---------------------------+-------+-------+-------++-------
   Fire: Shortbow          |   173 |   139 |    36 ||   348
         Orcbow            |       |       |   227 ||   227
    Use: Scroll            |     7 |     4 |     4 ||    15
         Potion            |       |     2 |     2 ||     4
 Armour: Leather armour    |    87 |    34 |       ||   121
         Ring mail         |       |    35 |   106 ||   141
  Dodge: Dodged            |    85 |    52 |    85 ||   222
  Block: Other             |       |       |    24 ||    24
         Reflection        |       |       |     2 ||     2

Table legend:
 A = Non-vault XP
 B = Vault XP
 C = Vault XP percentage of total XP
 D = Non-vault monster count
 E = Vault monster count
 F = Vault count percentage of total count
                 A         B        C        D         E       F
            +---------+---------+-------+---------+---------+-------
      Total |    2890 |    1024 |  26.2 |     112 |      21 |  15.8
            +---------+---------+-------+---------+---------+-------
        D:1 |      47 |       0 |   0.0 |      25 |       0 |   0.0
        D:2 |      13 |      35 |  72.9 |       7 |      12 |  63.2
        D:3 |     189 |       0 |   0.0 |      17 |       0 |   0.0
        D:4 |     187 |      12 |   6.0 |      12 |       4 |  25.0
        D:5 |     822 |       0 |   0.0 |      20 |       0 |   0.0
        D:6 |    1101 |     758 |  40.8 |      20 |       4 |  16.7
        D:7 |     531 |     219 |  29.2 |      11 |       1 |   8.3
            +---------+---------+-------+---------+---------+-------
